 Dungeon Crawl Stone Soup version 0.28-b1-78-gc65acfa365 (webtiles) character file.

Game seed: 5893506269274495997

5 Brecoman the Sneak (level 1, 9/9 HPs)
             Began as a Vine Stalker Enchanter on Feb 1, 2022.
             Quit the game on level 1 of the Dungeon on Feb 3, 2022.
             The game lasted 00:02:14 (279 turns).

Brecoman the Sneak (Vine Stalker Enchanter)          Turns: 279, Time: 00:02:15

Health: 9/9        AC:  6    Str: 10    XL:     1   Next: 80%
Magic:  4/4        EV: 12    Int: 15    God:
Gold:   0          SH:  0    Dex: 14    Spells: 4/4 levels left

rFire   . . .      SeeInvis .   a - +1 dagger
rCold   . . .      Faith    .   (no shield)
rNeg    . . .      Spirit   +   b - +0 robe
rPois   .          Reflect  .   (no helmet)
rElec   .          Harm     .   (no cloak)
rCorr   .          Rampage  .   (no gloves)
Will    .....                   (no boots)
Stlth   ++........              (no amulet)
HPRegen 0.03/turn               d - +4 ring of protection
MPRegen 0.09/turn               (no ring)

@: no status effects
A: fangs 2, magic shield, antimagic bite, no potion heal 2
a: no special abilities


You were on level 1 of the Dungeon.
You visited 1 branch of the dungeon, and saw 1 of its levels.

Inventory:

Hand Weapons
 a - a +1 dagger (weapon)
Armour
 b - a +0 robe (worn)
Jewellery
 d - a +4 ring of protection (left hand)
Scrolls
 e - a scroll of fear {unknown}
Potions
 c - a potion of invisibility


   Skills:
 + Level 1.1 Short Blades
 - Level 1.5 Dodging
 + Level 3.7 Stealth
 + Level 2.3 Spellcasting
 + Level 3.0 Hexes


You had 4 spell levels left.
You didn't know any spells.
Your spell library contained the following spells:

 Spells                   Type           Power      Damage    Failure   Level
 Ensorcelled Hibernation  Hex/Ice        12%        N/A       17%         2
 Confusing Touch          Hex            11%        N/A       19%         3
 Tukima's Dance           Hex            11%        N/A       19%         3
 Dazzling Flash           Conj/Hex       12%        N/A       34%         3


Dungeon Overview and Level Annotations

Branches:
Dungeon (1/15)

Altars:


Innate Abilities, Weirdness & Mutations

You have extremely sharp teeth.
When hurt, damage is shared between your health and your magic reserves.
Your bite disrupts and absorbs the magic of your enemies.
Potions cannot restore your health.


Message History

The bat barely misses you. The bat hits you but does no damage.
You barely miss the bat.
The bat is moderately wounded.
The bat hits you but does no damage. The bat barely misses you.
You miss the bat. You bite the bat, but do no damage.
The bat is moderately wounded.
The bat barely misses you. The bat hits you but does no damage.
You miss the bat.
The bat is moderately wounded.
The bat hits you but does no damage. The bat hits you but does no damage.
The bat hits you.
You hit the bat but do no damage.
The bat is moderately wounded.
The bat closely misses you. The bat closely misses you.
You hit the bat.
You kill the bat!
Found 21 stones.
A frilled lizard comes into view.
You see here a scroll labelled QEKHUUT POEG.
e - a scroll labelled QEKHUUT POEG The frilled lizard hisses angrily.
The frilled lizard misses you.
You barely miss the frilled lizard. Your bite misses the frilled lizard.
The frilled lizard bites you but does no damage.
You closely miss the frilled lizard. Your bite misses the frilled lizard.
The frilled lizard closely misses you.
You miss the frilled lizard. The frilled lizard closely misses you.
You hit the frilled lizard. Your bite misses the frilled lizard.
The frilled lizard is heavily wounded.
The frilled lizard closely misses you.
You hit the frilled lizard.
You kill the frilled lizard!
You see here a frilled lizard corpse.
Welcome back, Brecoman the Vine Stalker Enchanter.
Press ? for a list of commands and other information.
Are you sure you want to abandon this character and quit the game? (Confirm with "yes".)

##.........## #..#......#
#...........###........##
#............##..##..###
#................. .##
##.........#...### ##
##>...........##
####..#.......#
#.†...####.##.### #....##
#@(....# #....# #....##.#
##.### #....# ...#
....... .#### ##....### #
.....# .....# ......#


There were no monsters in sight!

Vanquished Creatures
  A hobgoblin (D:1)
  A quokka (D:1)
  A bat (D:1)
  2 frilled lizards (D:1)
  A rat (D:1)
6 creatures vanquished.

Notes
Turn   | Place    | Note
-------+----------+-------------------------------------------
     0 | D:1      | Brecoman the Vine Stalker Enchanter began the quest for the
                  | Orb.
     0 | D:1      | Reached XP level 1. HP: 9/9 MP: 4/4
   147 | D:1      | Reached skill level 1 in Short Blades
   279 | D:1      | Upgraded the game from 0.28-b1-25-g9875b3fc8c to
                  | 0.28-b1-78-gc65acfa365
   279 | D:1      | Quit the game

Illustrated notes

Levels and vault maps discovered:
D:1:      lightli_arrival_windingriver, layout_rooms

Skill      XL: |  1 |
---------------+----+-----
Short Blades   | 1 |  1.1
Dodging        | |  1.5
Stealth        | |  3.7
Spellcasting   | |  2.3
Hexes          | |  3.0

Action                   || total
-------------------------++-------
Melee: Dagger            ||    34
       Bite              ||     6
 Stab: Sleeping          ||     1
Armor: Robe              ||    13
Dodge: Dodged            ||    29
